 Dungeon Crawl Stone Soup version 0.27-a0-148-g9515ab555c (webtiles) character file.

Game seed: 16057046520746201444

28 knot the Chopper (level 3, 22/29 HPs)
             Began as a Demonspawn Berserker on Jan 27, 2021.
             Was a Follower of Trog.
             Quit the game on level 2 of the Dungeon.
             The game lasted 00:01:23 (1365 turns).

knot the Chopper (Demonspawn Berserker)             Turns: 1365, Time: 00:01:24

Health: 22/29      AC:  9    Str: 17    XL:     3   Next: 0%
Magic:  3/3        EV:  7    Int:  9    God:    Trog [*.....]
Gold:   81         SH:  0    Dex: 12    Spells: 2/2 levels left

rFire    . . .     SeeInvis .   i - +1 hand axe (elec)
rCold    . . .     Faith    .   (no shield)
rNeg     . . .     Spirit   .   a - +0 chain mail (curse)
rPois    .         Reflect  .   (no helmet)
rElec    .         Harm     .   e - +0 cloak
rCorr    .         Rampage  .   (no gloves)
Will     .....                  (no boots)
Stlth    ..........             (no amulet)
HPRegen  0.09/turn              h - ring of attention (curse)
MPRegen  0.08/turn              (no ring)

@: no status effects
A: demonic guardian 1, powered by death 1
a: Renounce Religion, Berserk


You were on level 2 of the Dungeon.
You worshipped Trog.
Trog was aware of your devotion.
You visited 1 branch of the dungeon, and saw 2 of its levels.

You collected 81 gold pieces.

Inventory:

Hand Weapons
 i - a +1 hand axe of electrocution (weapon)
Missiles
 d - 33 sling bullets
 f - 46 stones
 g - 7 poisoned darts (quivered)
Armour
 a - a cursed +0 chain mail (worn)
 e - a +0 cloak (worn)
Jewellery
 h - a cursed ring of attention (left hand)
Scrolls
 c - 7 scrolls of identify
 j - a scroll of fog {unknown}
Potions
 b - a potion of attraction {unknown}


   Skills:
 - Level 3.0 Fighting
 * Level 3.6 Axes
 * Level 0.7 Throwing
 - Level 1.7 Armour
 - Level 1.7 Dodging


You had 2 spell levels left.
You didn't know any spells.
Your spell library was empty.

Dungeon Overview and Level Annotations

Branches:
Dungeon (2/15)

Altars:


Innate Abilities, Weirdness & Mutations

A weak demonic guardian rushes to your aid.
You regenerate a little health from kills.


Message History

You slash the bullfrog skeleton!
The bullfrog skeleton is moderately damaged.
You closely miss the bat. The bat barely misses you.
The bullfrog skeleton hits you but does no damage.
You hit the bullfrog skeleton.
The bullfrog skeleton is moderately damaged.
The bat closely misses you. The bullfrog skeleton hits you.
You hit the bullfrog skeleton.
The bullfrog skeleton is heavily damaged.
You hit the bat. Lightning courses through the bat!
You kill the bat!
Trog accepts your kill.
The bullfrog skeleton hits you but does no damage.
The bullfrog skeleton hits you.
You have reached level 3!
Your experience leads to an increase in your attributes!
Increase (S)trength, (I)ntelligence, or (D)exterity?
You feel clever.
Your demonic ancestry asserts itself...
You feel the presence of a demonic guardian.
Are you sure you want to abandon this character and quit the game? (Confirm with "yes".)

#.#......
#.#..##.#
#.#..##.#
#.#..##.#
#.#..##.###.
#....)......
###.....b.#
#...#.#..
#†@.# #.Z.#
#...# #....
##....
##.#.. .####
[#


You could see a bullfrog skeleton.

Vanquished Creatures
  A worm (D:2)
  2 dart slugs (D:1)
  3 bats
  2 goblins (D:1)
  A hobgoblin (D:1)
  6 kobolds (D:1)
  A quokka (D:2)
  3 frilled lizards (D:1)
  3 rats (D:1)
22 creatures vanquished.

Notes
Turn   | Place    | Note
-------+----------+-------------------------------------------
     0 | D:1      | knot the Demonspawn Berserker began the quest for the Orb.
     0 | D:1      | Reached XP level 1. HP: 18/18 MP: 1/1
   176 | D:1      | Gained mutation: You regenerate a little health from kills.
                  | [demonic ancestry]
   176 | D:1      | Reached XP level 2. HP: 14/24 MP: 2/2
  1365 | D:2      | Gained mutation: A weak demonic guardian rushes to your
                  | aid. [demonic ancestry]
  1365 | D:2      | Reached XP level 3. HP: 22/29 MP: 3/3
  1365 | D:2      | Quit the game

Illustrated notes

Levels and vault maps discovered:
D:1:      lemuel_arrival_funnel, layout_loops_ring, columned_hall_lemuel,
          nrook_campfire
D:2:      minmay_diamond_boxcup, layout_loops_ring, roderic_roman_lattice

Skill      XL: |  1 |
---------------+----+-----
Axes           | 3 |  3.6
Fighting       | |  3.0
Throwing       | |  0.7
Armour         | |  1.7
Dodging        | |  1.7

Action                   || total
-------------------------++-------
Melee: Hand axe          ||    55
Invok: Berserk           ||     1
  Use: Scroll            ||     2
 Stab: Sleeping          ||     1
Armor: Animal skin       ||    13
       Chain mail        ||     7
Dodge: Dodged            ||    30

Table legend: (Time is in decaauts)
 A = Elapsed time spent in this place.
 B = Non-inter-level travel time spent in this place.
 C = Inter-level travel time spent in this place.
 D = Time resting spent in this place.
 E = Time spent auto-exploring this place.
 F = Levels seen in this place.
 G = Mean time per level.
                   A        B        C        D        E       F      G
               +--------+--------+--------+--------+--------+-----+--------+
         Total |   1378 |   1113 |    265 |    213 |    747 |   2 |  689.0 |
       Dungeon |   1378 |   1113 |    265 |    213 |    747 |   2 |  689.0 |
               +--------+--------+--------+--------+--------+-----+--------+

Top non-repeatable levels by time:
     D:1: 1352 daAuts
     D:2: 26 daAuts
